Map: Kairos Junction LE

Players

Denver - Winner!

  • Race: Zerg Zerg
  • Spawn Location: 11:00

BratOK (Brat_OK)

  • Race: Terran Terran
  • Spawn Location: 5:00

Event: 2019 WCS Summer

VOD

Have the link to the VOD?

Description

Time

  • Played on: July 12, 2019, 12:45 p.m.
  • Length: 13:04

All games in this series

Show
View Real Time Build Order
Export as new Build Order

Denver Zerg - Winner!

Build Orders: Hatch First, Muta Ling Bane, Swarm Host 

Get SALT Encoding   

  12  0:00  Drone  
  13  0:12  Overlord  
  13  0:16  Drone  
  14  0:31  Drone x2  
  16  0:48  Hatchery  
  15  0:51  Drone  
  15  0:55  Drone  
  17  0:59  Drone  
  18  1:09  Extractor  
  17  1:15  Spawning Pool  
  17  1:18  Drone  
  17  1:22  Drone  
  18  1:28  Drone  
  19  1:39  Drone  
  20  1:50  Drone  
  21  2:02  Queen  
  21  2:03  Zergling x4, Queen  
  27  2:10  Metabolic Boost  
  27  2:11  Overlord  
  27  2:13  Drone  
  28  2:29  Drone  
  28  2:31  Spore Crawler  
  28  2:33  Drone x2  
  30  2:43  Hatchery  
  29  2:45  Drone  
  29  2:46  Drone  
  31  2:51  Overlord  
  31  2:56  Drone  
  32  2:58  Drone  
  32  3:04  Overlord  
  32  3:07  Drone  
  32  3:10  Drone  
  32  3:11  Drone  
  32  3:12  Drone  
  36  3:18  Drone x2  
  38  3:21  Queen  
  40  3:29  Queen  
  40  3:32  Drone x2  
  44  3:39  Drone x2  
  46  3:42  Drone  
  46  3:44  Overlord  
  46  3:47  Drone x2  
  49  3:52  Drone  
  50  3:57  Queen  
  50  3:58  Baneling Nest  
  50  4:01  Zergling x6  
  54  4:06  Queen  
  54  4:09  Overlord  
  56  4:12  Overlord  
  56  4:15  Overlord  
  56  4:22  Lair  
  56  4:23  Drone x2  
  58  4:28  Drone x3  
  58  4:29  Drone  
  61  4:31  Extractor  
  61  4:35  Drone  
  61  4:37  Spore Crawler x2  
  61  4:38  Drone x2  
  60  4:40  Drone  
  60  4:43  Drone  
  63  4:47  Drone x2  
  63  4:49  Drone x2  
  67  4:57  Zergling x12  
  67  4:59  Baneling x3  
  72  5:00  Baneling  
  72  5:01  Baneling  
  72  5:04  Baneling  
  72  5:07  Zergling x2  
  72  5:08  Zergling x8  
  72  5:13  Zergling x6  
  73  5:23  Queen, Overlord  
  73  5:31  Overlord  
  73  5:34  Centrifical Hooks  
  68  5:36  Drone x2  
  68  5:37  Drone x3  
  68  5:39  Overlord  
  68  5:42  Extractor, Overlord  
  72  5:43  Overseer  
  72  5:44  Drone x2  
  72  5:45  Extractor  
  72  5:49  Roach Warren  
  72  5:52  Drone x3  
  72  5:54  Spore Crawler  
  74  5:58  Drone x3  
  74  5:59  Drone  
  74  6:01  Extractor  
  77  6:07  Spire  
  77  6:08  Drone x3  
  77  6:09  Drone  
  80  6:13  Queen  
  80  6:16  Overlord  
  80  6:17  Drone  
  80  6:18  Drone  
  84  6:23  Zergling x6  
  86  6:28  Zergling x6  
  86  6:31  Drone x2  
  91  6:35  Zergling x4  
  86  6:41  Baneling x7  
  86  6:45  Zergling x10  
  82  6:54  Zergling x8  
  82  6:59  Drone x3  
  75  7:03  Drone  
  75  7:06  Queen  
  77  7:12  Drone x6  
  82  7:18  Evolution Chamber  
  82  7:19  Drone, Evolution Chamber  
  82  7:22  Extractor  
  80  7:23  Mutalisk x2  
  80  7:29  Zerg Flyer Weapons Level 1  
  84  7:33  Mutalisk x3  
  90  7:40  Mutalisk x2  
  90  7:43  Zergling x4  
  96  7:44  Drone  
  96  7:45  Drone  
  96  7:49  Zerg Melee Weapons Level 1  
  98  7:51  Overlord  
  98  7:53  Drone  
  98  7:57  Zerg Ground Armor Level 1  
  99  7:59  Drone x2  
  99  8:01  Drone  
  99  8:03  Overlord  
  102  8:11  Overlord  
  102  8:17  Hatchery  
  99  8:21  Mutalisk x2  
  99  8:22  Overlord  
  103  8:28  Mutalisk x2  
  103  8:30  Overlord  
  103  8:32  Zergling x2  
  103  8:33  Zergling x2  
  109  8:37  Overlord  
  109  8:40  Overlord  
  109  8:43  Overlord  
  109  8:47  Zergling x10  
  109  8:48  Zergling x2  
  113  9:07  Drone x9  
  122  9:12  Infestation Pit  
  122  9:16  Glial Reconstitution  
  121  9:20  Drone x5, Hatchery  
  121  9:21  Drone  
  126  9:34  Overlord  
  126  9:39  Roach x7  
  126  9:42  Roach  
  126  9:43  Roach  
  144  9:48  Roach x3  
  144  9:50  Overlord  
  144  9:52  Zerg Missile Weapons Level 1  
  148  9:57  Overlord  
  148  9:59  Swarm Host x3  
  157  10:03  Swarm Host x2  
  157  10:06  Overlord  
  157  10:07  Overlord  
  163  10:12  Overlord  
  163  10:13  Swarm Host x2  
  169  10:15  Ravager x6  
  169  10:16  Ravager x2  
  177  10:23  Zerg Melee Weapons Level 2  
  177  10:26  Zergling x12  
  183  10:33  Zergling x14  
  183  10:34  Zergling x2  
  189  10:37  Swarm Host x2  
  195  10:45  Hive  
  193  10:51  Swarm Host x2  
  193  10:56  Baneling x8  
  199  10:59  Overlord  
  199  11:02  Zergling x2  
  200  11:13  Drone, Extractor  
  200  11:14  Drone, Extractor, Spore Crawler  
  196  11:22  Swarm Host  
  184  11:36  Swarm Host x5  
  184  11:39  Baneling x10  
  198  11:55  Zergling x2  
  199  12:03  Zergling x2  
  199  12:05  Baneling x4  
  199  12:07  Baneling x19  
  200  12:14  Zergling x12  
  194  12:25  Zergling x16  
  180  12:30  Zergling x2  
  180  12:31  Zergling x30, Roach x4  
  180  12:32  Roach x6  
  180  12:36  Zergling x2, Roach x2  
  180  12:37  Zergling x4  
  198  12:45  Baneling, Spine Crawler  
  198  12:46  Baneling x6  
  198  12:47  Baneling  
Show
View Real Time Build Order
Export as new Build Order

BratOK Terran 

Build Orders: Hellion Opening, Reaper Expand, Mech 

Get SALT Encoding   

  12  0:00  SCV  
  13  0:13  SCV  
  14  0:17  Supply Depot  
  14  0:25  SCV  
  15  0:38  SCV  
  15  0:40  Barracks  
  16  0:44  Refinery  
  16  0:51  SCV  
  17  1:03  SCV  
  18  1:15  SCV  
  19  1:27  Orbital Command, Reaper  
  20  1:39  Command Center  
  20  1:47  Supply Depot  
  20  1:53  SCV  
  21  2:00  Marine  
  22  2:05  SCV  
  23  2:10  Factory  
  23  2:17  SCV  
  23  2:18  Refinery  
  23  2:21  Barracks Reactor  
  24  2:29  SCV  
  25  2:41  SCV  
  26  2:51  Orbital Command  
  26  2:53  SCV  
  26  2:57  Starport  
  27  3:04  Hellion x2  
  31  3:09  Barracks Tech Lab  
  31  3:13  SCV, Supply Depot  
  31  3:16  SCV  
  33  3:25  Hellion x2  
  37  3:29  Marauder  
  37  3:30  SCV  
  37  3:31  SCV  
  37  3:33  Viking  
  43  3:38  Supply Depot  
  43  3:43  SCV x2  
  43  3:47  Hellion  
  47  3:49  Hellion  
  47  3:53  Marauder  
  51  4:01  Supply Depot  
  51  4:03  Medivac  
  51  4:07  Armory  
  53  4:12  Hellion x2  
  53  4:13  Concussive Shells  
  57  4:20  Marauder  
  57  4:23  Liberator  
  59  4:24  Supply Depot  
  59  4:25  SCV x2  
  61  4:40  Hellion x2  
  61  4:44  Marauder  
  70  4:47  Supply Depot  
  70  4:48  SCV x2  
  72  5:05  Hellion x2  
  76  5:08  Liberator  
  76  5:17  Marauder  
  66  5:26  Hellion  
  66  5:27  Hellion  
  65  5:29  SCV  
  65  5:33  SCV  
  65  5:34  Command Center  
  55  5:41  SCV  
  56  5:45  SCV  
  57  5:53  SCV  
  57  5:54  Hellion x2  
  62  5:57  SCV  
  62  6:01  Supply Depot  
  62  6:02  Factory x2  
  63  6:05  SCV  
  63  6:08  Refinery  
  63  6:09  Refinery, SCV  
  65  6:15  Hellion x2  
  65  6:17  SCV  
  70  6:21  SCV  
  70  6:22  Supply Depot  
  71  6:29  Viking  
  71  6:30  SCV  
  74  6:33  SCV  
  75  6:42  SCV  
  76  6:50  Factory  
  76  6:51  Factory  
  76  6:56  Factory Tech Lab  
  66  7:05  Siege Tank  
  66  7:06  Hellion x2  
  66  7:08  Orbital Command  
  61  7:17  Terran Vehicle Weapons Level 1  
  61  7:18  Starport Reactor  
  61  7:24  Siege Tank  
  61  7:27  Hellion x2  
  61  7:28  SCV x2  
  70  7:39  Orbital Command  
  70  7:40  Factory Reactor  
  70  7:41  Siege Tank  
  70  7:42  Factory Tech Lab  
  73  7:45  SCV x2  
  73  7:47  Supply Depot  
  73  7:49  Hellion  
  77  7:52  Engineering Bay  
  77  7:57  SCV x2  
  79  8:02  Thor  
  79  8:03  Hellion  
  87  8:09  SCV x2  
  87  8:10  Hellion  
  79  8:20  Missile Turret x2  
  79  8:21  Thor, SCV  
  79  8:22  Hellion  
  79  8:26  Missile Turret  
  92  8:33  Missile Turret  
  81  8:35  Widow Mine x4  
  81  8:38  SCV x2  
  86  8:41  SCV  
  86  8:45  Missile Turret  
  83  8:50  SCV x2  
  83  8:53  SCV  
  86  9:02  Siege Tank, SCV, Hellion x2  
  91  9:03  SCV  
  91  9:05  SCV  
  93  9:10  Thor  
  93  9:11  Refinery, Hellion x2  
  93  9:12  Refinery  
  93  9:15  SCV, Supply Depot  
  93  9:16  SCV, Supply Depot  
  105  9:19  SCV  
  106  9:28  Terran Vehicle And Ship Armor Level 1  
  106  9:29  SCV  
  106  9:30  SCV  
  109  9:31  SCV  
  106  9:39  Siege Tank  
  106  9:40  Hellion x2  
  106  9:41  SCV  
  106  9:42  SCV  
  106  9:43  SCV  
  116  9:50  Siege Tank  
  117  9:53  SCV  
  117  9:54  SCV  
  117  9:55  SCV  
  120  10:00  Refinery  
  120  10:02  Siege Tank, Supply Depot x2  
  120  10:05  Drilling Claws, SCV  
  120  10:06  SCV  
  125  10:07  SCV  
  125  10:14  Siege Tank, Hellion x2  
  131  10:17  SCV  
  131  10:18  SCV  
  131  10:19  SCV  
  136  10:22  Supply Depot  
  136  10:23  Siege Tank  
  136  10:24  Hellion  
  136  10:25  Supply Depot  
  141  10:29  SCV  
  141  10:30  SCV  
  141  10:31  SCV  
  143  10:42  Siege Tank, Hellion  
  148  10:44  Hellion  
  148  10:47  Supply Depot  
  149  10:58  Siege Tank, Hellion x2  
  149  11:00  Supply Depot  
  149  11:03  Supply Depot x2  
  156  11:04  Supply Depot  
  156  11:05  Supply Depot  
  156  11:10  SCV x2  
  156  11:13  Siege Tank, Hellion x2  
  156  11:14  Supply Depot  
  156  11:16  Supply Depot  
  163  11:22  Siege Tank  
  166  11:30  Siege Tank  
  166  11:31  SCV x2  
  171  11:41  Hellion x2  
  171  11:43  Infernal Pre-Igniter  
  171  11:45  Siege Tank  
  173  11:55  Siege Tank  
  173  12:04  Siege Tank, Hellion x2  
  173  12:08  SCV  
  178  12:23  Siege Tank  
  178  12:24  Hellion x2  
  178  12:26  Hellion  
  178  12:27  Siege Tank  
Tags
 
Add a new tag
Caveats
  • Supply blocks, unpowered buildings, or Contaminate may cause inaccurate times.
  • Supply counts are checked every 10 seconds.